Map: Kairos Junction LE

Players

GosuMcBash

  • Race: Terran Terran
  • League: Diamond
  • Spawn Location: 11:00

DAD - Winner!

  • Race: Terran Terran
  • League: Diamond
  • Spawn Location: 5:00

VOD

Have the link to the VOD?

Description

Time

  • Played on: May 31, 2019, 11:21 a.m.
  • Length: 15:41
Show
View Real Time Build Order
Export as new Build Order

GosuMcBash Terran 

Build Orders:  

Get SALT Encoding   

  12  0:02  SCV  
  13  0:14  SCV  
  14  0:22  Supply Depot  
  14  0:30  SCV  
  15  0:43  SCV  
  15  0:45  Barracks  
  15  0:48  Refinery  
  16  0:56  SCV  
  17  0:58  Refinery  
  17  1:08  SCV  
  18  1:35  Reaper  
  19  1:41  Supply Depot  
  20  1:48  Orbital Command  
  20  1:53  Factory  
  19  2:07  Reaper  
  20  2:12  Supply Depot  
  20  2:15  SCV  
  21  2:27  SCV  
  22  2:39  Hellion  
  22  2:40  Barracks Tech Lab  
  22  2:43  SCV  
  25  2:55  SCV  
  25  3:04  Command Center  
  25  3:06  Factory Tech Lab  
  25  3:10  Stimpack  
  25  3:24  Marine  
  26  3:29  Barracks  
  26  3:32  Cyclone  
  29  3:36  SCV  
  30  3:50  Starport, SCV  
  32  4:02  SCV  
  32  4:05  Cyclone  
  35  4:15  SCV  
  36  4:17  Barracks Tech Lab  
  36  4:22  Orbital Command  
  36  4:27  SCV  
  37  4:37  Combat Shield  
  31  4:39  Starport Tech Lab  
  31  4:44  Starport  
  31  4:48  Bunker  
  31  4:50  SCV  
  31  4:51  SCV  
  33  4:58  Engineering Bay  
  33  5:06  Marine x2  
  35  5:09  Siege Tank  
  38  5:15  Banshee  
  38  5:20  SCV x2  
  43  5:22  Starport Reactor  
  43  5:26  Concussive Shells  
  43  5:30  Cloaking Field  
  43  5:35  SCV x2  
  45  5:47  SCV  
  46  5:57  Supply Depot  
  46  6:19  Barracks Tech Lab  
  46  6:29  Engineering Bay, Marauder  
  48  6:33  Barracks  
  48  6:36  Command Center  
  48  6:42  Missile Turret x2  
  48  6:44  Siege Tank  
  48  6:47  Medivac  
  53  6:48  Missile Turret  
  53  6:50  Marauder  
  55  7:00  Marauder  
  54  7:02  Viking  
  54  7:03  SCV  
  54  7:04  SCV  
  54  7:06  Missile Turret  
  58  7:09  Refinery  
  58  7:15  Command Center  
  58  7:16  SCV  
  59  7:23  Barracks Reactor  
  59  7:36  SCV x2  
  59  7:37  Refinery  
  61  7:44  Supply Depot  
  61  7:45  Supply Depot  
  61  7:46  Supply Depot  
  61  7:48  Marauder x2  
  65  7:52  Orbital Command  
  65  7:53  Barracks  
  65  8:08  Siege Tank  
  65  8:09  Viking x2  
  72  8:14  Orbital Command  
  72  8:18  Marine  
  72  8:19  Marine x2  
  75  8:31  Marine  
  75  8:32  Orbital Command  
  76  8:36  Marine  
  76  8:38  SCV x2  
  79  8:44  Marine x2, SCV  
  79  8:45  Siege Tank  
  79  8:46  Medivac  
  87  8:50  SCV x2, Marauder  
  91  8:56  SCV  
  91  9:02  SCV x2  
  94  9:09  SCV x2  
  96  9:10  Marine x2  
  96  9:11  Marauder  
  96  9:14  SCV  
  96  9:15  SCV  
  102  9:21  SCV x2  
  104  9:26  SCV  
  104  9:27  SCV, Supply Depot  
  104  9:42  Marine x2  
  104  9:43  Marauder x2  
  110  10:02  Refinery  
  110  10:04  Refinery  
  110  10:05  Supply Depot  
  110  10:09  Sensor Tower  
  110  10:12  Supply Depot x2  
  110  10:24  Orbital Command  
  110  10:27  Marine  
  115  10:28  Marauder x2  
  115  10:29  Siege Tank, Medivac  
  115  10:30  Medivac x2  
  115  10:33  Sensor Tower  
  124  10:38  SCV x3  
  124  10:42  Marine  
  128  10:45  Marine  
  133  10:50  SCV, Marauder x2  
  115  11:13  Marine x4  
  115  11:15  Viking x3  
  98  11:29  Cyclone  
  98  11:30  Marine  
  98  11:31  Marauder x2  
  86  11:41  Barracks Reactor  
  86  11:45  SCV x3, Viking x2  
  86  11:46  SCV, Terran Infantry Weapons Level 1  
  94  11:47  Terran Infantry Armor Level 1  
  94  11:49  Barracks  
  94  11:51  Armory  
  94  11:53  Marauder x2  
  94  11:54  Armory  
  98  11:57  SCV x2  
  98  11:58  SCV x2  
  102  12:05  Marine x2  
  102  12:07  Cyclone  
  107  12:09  SCV x2  
  107  12:10  SCV x2  
  107  12:13  Sensor Tower  
  107  12:15  Marauder x2  
  115  12:16  Viking  
  115  12:21  SCV  
  115  12:22  SCV x3  
  121  12:29  Missile Turret  
  121  12:30  Missile Turret  
  121  12:32  Marine x2  
  121  12:33  Marine x2, Missile Turret x2  
  121  12:34  SCV  
  121  12:35  Viking  
  128  12:38  SCV x3  
  131  12:45  Refinery  
  131  12:47  Refinery  
  131  12:49  Marauder x2  
  131  12:50  Thor  
  141  12:52  Viking  
  143  12:59  Marine x3  
  146  13:08  Supply Depot  
  146  13:09  Supply Depot  
  146  13:19  Supply Depot x2  
  146  13:20  Supply Depot  
  146  13:26  Supply Depot  
  146  13:27  Supply Depot  
  146  13:35  Marine x2  
  146  13:36  Marine x3  
  146  13:37  Medivac x2, Marauder  
  157  13:49  Siege Tank  
  157  13:53  Marine x2  
  157  13:54  Marauder, Factory  
  164  13:58  Marauder  
  164  13:59  Factory  
  164  14:00  Factory  
  166  14:03  Barracks Reactor  
  166  14:05  Starport  
  166  14:27  Marine x2  
  166  14:28  Marine, Marauder x2  
  166  14:29  Siege Tank, Viking x2  
  180  14:38  Marine  
  180  14:40  Viking  
  180  14:45  Marine x2  
  184  14:50  Marauder x2  
  184  14:59  Viking  
  123  15:02  Marine x2  
  123  15:03  Siege Tank, Marine  
  123  15:04  Factory Tech Lab  
  123  15:05  Factory Tech Lab  
  121  15:07  Marine  
  121  15:11  Marine, Marauder  
  125  15:19  Marine  
  112  15:23  Marine  
Show
View Real Time Build Order
Export as new Build Order

DAD Terran - Winner!

Build Orders: Mech 

Get SALT Encoding   

  12  0:03  SCV  
  13  0:15  SCV  
  13  0:20  Supply Depot  
  14  0:28  SCV  
  15  0:42  SCV  
  16  0:46  Barracks  
  16  0:51  Refinery  
  16  0:54  SCV  
  17  1:06  SCV  
  18  1:20  SCV  
  19  1:35  Barracks Tech Lab, Orbital Command  
  19  1:41  Supply Depot  
  19  1:55  Marauder  
  19  1:56  Command Center  
  19  1:59  Concussive Shells  
  21  2:02  SCV  
  22  2:14  SCV  
  23  2:16  Refinery  
  23  2:17  Marauder  
  25  2:26  SCV  
  26  2:38  Marauder  
  26  2:39  SCV  
  29  2:52  SCV, Factory  
  30  3:00  Supply Depot  
  30  3:04  SCV  
  31  3:08  Engineering Bay, Marauder  
  31  3:09  Orbital Command  
  33  3:23  SCV  
  34  3:39  SCV, Starport  
  34  3:40  SCV  
  36  3:41  Siege Tank  
  36  3:45  Barracks Reactor  
  39  3:52  SCV  
  39  3:53  Missile Turret  
  39  3:54  SCV  
  41  4:04  SCV  
  41  4:07  Supply Depot  
  42  4:10  SCV  
  42  4:15  Widow Mine  
  42  4:16  SCV  
  46  4:25  SCV  
  46  4:29  Medivac  
  46  4:30  Viking  
  51  4:40  SCV  
  51  4:44  SCV, Command Center  
  53  4:47  Missile Turret  
  53  4:52  SCV  
  54  4:54  Siege Tank  
  54  4:56  Barracks Reactor  
  57  5:04  Supply Depot, SCV x2  
  59  5:11  Refinery  
  59  5:12  Refinery  
  59  5:13  Supply Depot  
  59  5:14  Viking  
  61  5:27  SCV x2  
  63  5:30  Factory  
  63  5:37  Missile Turret  
  63  5:39  SCV  
  63  5:41  SCV  
  65  5:46  Barracks Tech Lab, Supply Depot  
  65  5:50  Viking  
  65  5:51  SCV  
  65  5:54  SCV  
  65  5:56  Hellion  
  71  5:59  Factory  
  71  6:03  SCV  
  70  6:16  Orbital Command  
  70  6:20  Infernal Pre-Igniter  
  70  6:25  Hellion x3  
  76  6:29  SCV  
  76  6:30  Missile Turret  
  77  6:35  Supply Depot  
  77  6:37  Supply Depot  
  77  6:41  Factory  
  77  6:42  Factory  
  77  6:57  Orbital Command  
  77  7:03  SCV  
  78  7:11  Siege Tank x2  
  78  7:12  Refinery, Hellion  
  86  7:15  Refinery  
  86  7:18  Missile Turret  
  86  7:19  Sensor Tower  
  86  7:20  SCV  
  86  7:22  Sensor Tower  
  87  7:25  Missile Turret  
  87  7:27  SCV  
  88  7:30  Factory Tech Lab  
  88  7:31  Factory Tech Lab  
  88  7:34  SCV  
  89  7:46  SCV x3  
  92  7:52  Siege Tank x3  
  92  7:54  Hellion x3  
  92  7:58  SCV  
  108  8:02  Viking  
  108  8:03  Viking  
  112  8:07  Supply Depot  
  112  8:10  Supply Depot  
  112  8:18  Missile Turret  
  112  8:19  Hellion x2  
  116  8:22  Armory  
  116  8:25  Armory  
  116  8:28  Siege Tank  
  116  8:32  Missile Turret  
  116  8:33  Missile Turret  
  116  8:34  Hellion x2  
  123  8:36  Viking  
  123  8:40  Supply Depot, Missile Turret  
  125  8:43  SCV  
  126  8:54  Viking  
  128  9:02  Command Center  
  128  9:06  Viking  
  130  9:11  Sensor Tower  
  130  9:16  Siege Tank x2  
  136  9:17  Smart Servos  
  136  9:20  Terran Vehicle Weapons Level 1  
  136  9:22  Terran Vehicle And Ship Armor Level 1  
  136  9:23  SCV  
  137  9:29  Supply Depot  
  137  9:42  Viking x2  
  131  9:46  Starport  
  131  9:51  Starport  
  131  9:54  Supply Depot  
  131  9:55  SCV, Supply Depot  
  124  10:05  Missile Turret  
  124  10:08  Siege Tank x3  
  133  10:17  Supply Depot, Viking  
  133  10:18  Supply Depot  
  129  10:25  SCV  
  130  10:29  Missile Turret  
  130  10:34  SCV x2, Missile Turret  
  132  10:39  Siege Tank  
  132  10:40  Siege Tank, Hellion  
  140  10:46  Planetary Fortress  
  140  10:50  Missile Turret  
  140  10:53  Starport Tech Lab x2  
  138  10:57  SCV  
  138  10:59  Fusion Core  
  125  11:21  SCV  
  125  11:22  SCV  
  125  11:26  Refinery x2  
  125  11:27  Sensor Tower  
  125  11:30  Missile Turret  
  115  11:40  Viking x4  
  115  11:44  SCV x3  
  126  11:54  SCV  
  126  11:55  Missile Turret  
  126  11:56  SCV x3  
  126  11:59  Terran Vehicle Weapons Level 2  
  126  12:00  Terran Vehicle And Ship Armor Level 2  
  130  12:01  Neosteel Armor  
  130  12:07  Advanced Ballistics  
  130  12:10  Viking  
  130  12:11  Supply Depot  
  132  12:22  Siege Tank x3  
  141  12:23  Hellion  
  141  12:24  Hellion  
  145  12:41  Command Center  
  145  12:42  Viking x4  
  145  12:44  Refinery x2  
  153  12:48  Missile Turret  
  153  13:09  Siege Tank x4  
  153  13:10  Missile Turret, Hellion x2  
  153  13:12  Missile Turret  
  169  13:16  Command Center  
  169  13:18  Liberator x2, Command Center  
  169  13:20  Liberator  
  169  13:24  Liberator  
  169  13:30  Command Center  
  176  13:42  Hi-Sec Auto Tracking  
  177  13:53  Planetary Fortress  
  177  14:07  Siege Tank x3  
  177  14:08  Siege Tank  
  189  14:12  Sensor Tower  
  189  14:28  Viking x4  
  197  14:39  Siege Tank  
Tags
 
Composition
Mech
Matchup
TvT
Race
Terran
Spawn Locations
Cross Positions
Add a new tag
Caveats
  • Supply blocks, unpowered buildings, or Contaminate may cause inaccurate times.
  • Supply counts are checked every 10 seconds.